 Dungeon Crawl Stone Soup version 0.21.1-1-g345015fe64 (webtiles) character file.

7384 Htamos the Covert (level 11, -2/72 HPs)
             Began as an Octopode Wizard on July 15, 2018.
             Was a Follower of Sif Muna.
             Slain by a basilisk (7 damage)
             ... on level 2 of the Lair of Beasts.
             The game lasted 00:49:43 (14535 turns).

Htamos the Covert (Octopode Wizard)                Turns: 14535, Time: 00:49:43

Health: -2/72      AC:  1    Str:  8    XL:     11   Next: 14%
Magic:  18/18      EV:  2    Int: 24    God:    Sif Muna [*.....]
Gold:   642        SH:  0    Dex: 14    Spells: 14/20 levels left

rFire    x . .     SeeInvis +   k - +4 short sword of Rythrace {pierce, Str+2 Dex+3}
rCold    + . .     Gourm    .   O - +0 shield
rNeg     + + +     Faith    .   a - +0 hat
rPois    ∞         Spirit   .   H - +4 amulet of reflection
rElec    .         Reflect  +   t - ring of stealth
rCorr    .         Harm     .   y - ring of see invisible
MR       .....                  B - +1 ring of evasion
Stlth    +++++++...             J - ring of ice
HPRegen  0.22/turn              (no ring)
MPRegen  0.16/turn              (no ring)
                                (no ring)
                                (no ring)

@: petrified, very slightly contaminated
A: almost no armour, stealthy swim, amphibious, 8 rings, constrict 8, camouflage
1, gelatinous body 1
a: Divine Energy, Renounce Religion


You were on level 2 of the Lair of Beasts.
You worshipped Sif Muna.
Sif Muna was aware of your devotion.
You were not hungry.

You visited 3 branches of the dungeon, and saw 13 of its levels.

You collected 642 gold pieces.

Inventory:

Hand Weapons
 d - a +3 hand axe of electrocution
 k - the +4 short sword of Rythrace (weapon) {pierce, Str+2 Dex+3}
   (You found it on level 6 of the Dungeon)

   It inflicts extra damage upon your enemies.
   It affects your strength (+2).
   It affects your dexterity (+3).
 n - a +0 hunting sling
 v - a +1 trident of venom
 z - a +1 dagger of freezing
 C - the +3 short sword of Teetohy {elec, Str+3}
   (You found it on level 5 of the Dungeon)

   Occasionally, upon striking a foe, it will discharge some electrical energy
   and cause terrible harm.
   It affects your strength (+3).
 D - a +2 dagger of venom
 G - a +1 mace of protection
 P - a +4 spear of piercing
 S - a +0 vampiric rapier
Missiles
 g - 81 sling bullets
Armour
 a - a +0 hat (worn)
 x - a +0 buckler
 O - a +0 shield (worn)
Jewellery
 t - a ring of stealth (left tentacle)
 y - a ring of see invisible (right tentacle)
 B - a +1 ring of evasion (on tentacle)
 H - a +4 amulet of reflection (around mantle)
 J - a ring of ice (on tentacle)
Wands
 A - a wand of disintegration (11)
 Q - a wand of flame (25)
 R - a wand of acid (10)
 U - a wand of random effects (26)
Scrolls
 e - 3 scrolls of teleportation
 f - 3 scrolls of fog
 i - 2 scrolls of magic mapping
 j - 5 scrolls of remove curse
 l - a scroll of immolation
 m - a scroll of enchant weapon
 q - 5 scrolls of amnesia
 s - 4 scrolls of blinking
 E - 2 scrolls of identify
 F - a scroll of fear
 K - a scroll of holy word {unknown}
 N - a scroll of enchant armour {unknown}
Potions
 h - a potion of mutation
 o - a potion of haste
 p - 5 potions of flight
 r - 2 potions of might
 u - a potion of degeneration
 w - a potion of curing
 I - a potion of berserk rage
 L - 2 potions of brilliance
 M - a potion of magic
 T - a potion of agility
Books
 b - a book of Minor Magic

   Spells                             Type                      Level
   a - Magic Dart                     Conjuration                  1
   b - Blink                          Translocation                2
   c - Call Imp                       Summoning                    2
   d - Slow                           Hexes                        2
   e - Conjure Flame                  Conjuration/Fire             3
   f - Mephitic Cloud                 Conjuration/Poison/Air       3
Comestibles
 c - 20 rations
 V - a chunk of flesh


   Skills:
 + Level 5.7 Fighting
 + Level 2.4 Short Blades
 + Level 6.1 Dodging
 + Level 12.6 Stealth
 + Level 7.2 Shields
 - Level 5.1 Spellcasting
 - Level 7.3 Conjurations
   Level 1.0 Summonings
 - Level 1.0 Translocations


You had 14 spell levels left.
You knew the following spells:

 Your Spells              Type           Power        Failure   Level  Hunger
a - Magic Dart            Conj           ####         1%          1    None
b - Conjure Flame         Conj/Fire      ###.....     16%         3    ##.....
c - Blink                 Tloc           N/A          24%         2    None


Dungeon Overview and Level Annotations

Branches:
Dungeon (10/15)            Temple (1/1) D:5            Lair (2/6) D:8
  Swamp: Lair:2-4    Shoals: Lair:2-4     Snake: Lair:2-4    Spider: Lair:2-4
    Orc: D:9-12

Altars:
Ashenzari
Cheibriados
Dithmenos
Elyvilon
Fedhas
Gozag
Hepliaklqana
Kikubaaqudgha
Makhleb
Nemelex Xobeh
Okawaru
Qazlal
Ru
Sif Muna
Trog
Uskayaw
Vehumet
Wu Jian
Xom
Yredelemnul
Zin
The Shining One

Shops:
D:8 %

Annotations:
Lair:1 exclusion: 2 oklob plants


Innate Abilities, Weirdness & Mutations

You cannot wear most types of armour.
You are very stealthy in the water. (Stealth+)
You are amphibious.
You can wear up to eight rings at the same time.
You can use your tentacles to constrict eight enemies at once.
Your skin changes colour to match your surroundings (Stealth+).
Your rubbery body absorbs attacks. (AC +1, EV +1)


Message History

* * * LOW HITPOINT WARNING * * *
You hit the basilisk.
The basilisk is heavily wounded.
You constrict the basilisk. The basilisk bites you!
* * * LOW HITPOINT WARNING * * *
You hit the basilisk.
The basilisk is severely wounded.
You constrict the basilisk. The basilisk gazes at you.
You are slowing down.
You feel better.
You constrict the basilisk. The basilisk bites you. The basilisk bites you!
* * * LOW HITPOINT WARNING * * *
Your limbs are stiffening.
You release your grip on the basilisk.
The basilisk bites you!
* * * LOW HITPOINT WARNING * * *
You have turned to stone.
The basilisk hisses menacingly.
The basilisk bites you!
You die...

(....#.......
...........##
...#...##+.#.#.........#
..P...................#
....................P#
.#+...................#
..............#.......#
##............#.l.....###
#....#..........@.......#
#....÷<.......#.......###
##...P..P#...#........#
#....................#
#........^.......>...#
#....#.##....###.#..:..#
#P...###....## ###.....#
##... #....# #....##
..... ##...# ....#


You could see a basilisk.

Vanquished Creatures
  A hydra (Lair:2)
  2 two-headed ogres (D:8)
  A spiny frog (Lair:1)
  A rime drake (Lair:1)
  A hornet (D:8)
  The ghost of smiqu the Cudgeler, an amateur DsFi of Okawaru (D:3)
  A hippogriff (D:9)
  2 yaks
  A hungry ghost (D:8)
  An orc warrior (D:8)
  3 porcupines (Lair:1)
  A sky beast (D:9)
  An ice beast (D:6)
  3 ogres
  A phantom (D:9)
  A centaur (D:6)
  A big kobold (D:8)
  3 bullfrogs
  A gnoll sergeant (D:9)
  A wyvern zombie (D:9)
  A scorpion (D:4)
  A water moccasin zombie (D:6)
  7 killer bees
  4 wights
  2 howler monkeys
  4 crimson imps
  2 centaur zombies
  A bullfrog zombie (D:7)
  A quasit (D:6)
  3 hounds
  A jelly (D:5)
  7 orc wizards
  A bullfrog skeleton (D:7)
  7 orc priests
  4 centaur skeletons
  Jessica (D:2)
  3 iguanas
  5 worker ants
  A killer bee zombie (D:6)
  A hound skeleton (D:4)
  11 gnolls
  A worker ant zombie (D:6)
  6 adders
  5 shadow imps
  A worm (D:4)
  2 dart slugs
  7 leopard geckos
  19 orcs
  A ball python (D:1)
  2 giant cockroaches (D:3)
  8 goblins
  5 hobgoblins
  11 kobolds
  5 quokkas
  7 bats
  4 frilled lizards
  3 rats
  A plant (Lair:1)
184 creatures vanquished.

Vanquished Creatures (others)
  A two-headed ogre (D:8)
1 creature vanquished.

Grand Total: 185 creatures vanquished

Notes
Turn   | Place    | Note
-------+----------+-------------------------------------------
     0 | D:1      | Htamos the Octopode Wizard began the quest for the Orb.
     0 | D:1      | Reached XP level 1. HP: 11/11 MP: 4/4
   405 | D:1      | Reached skill level 3 in Stealth
   405 | D:1      | Reached XP level 2. HP: 17/17 MP: 6/6
  1055 | D:2      | Noticed Jessica
  1088 | D:2      | Killed Jessica
  1088 | D:2      | Reached XP level 3. HP: 14/21 MP: 8/8
  1296 | D:2      | Found an iron altar of Okawaru.
  1520 | D:2      | Reached XP level 4. HP: 6/27 MP: 3/10
  1910 | D:2      | Reached skill level 4 in Stealth
  1968 | D:2      | Noticed an angel
  1969 | D:2      | Found a glowing silver altar of Zin.
  2180 | D:3      | You fall through a shaft!
  2185 | D:4      | Reached XP level 5. HP: 31/31 MP: 7/11
  2461 | D:3      | Noticed smiqu's ghost (amateur DsFi)
  2606 | D:3      | Killed smiqu's ghost
  2606 | D:3      | Reached skill level 5 in Stealth
  2606 | D:3      | Reached skill level 5 in Spellcasting
  2606 | D:3      | Reached XP level 6. HP: 30/36 MP: 11/13
  3522 | D:4      | Reached skill level 6 in Stealth
  3522 | D:4      | Reached XP level 7. HP: 16/41 MP: 14/14
  3778 | D:4      | Found a burning altar of Makhleb.
  3778 | D:4      | Noticed a blizzard demon
  3858 | D:4      | Reached skill level 1 in Shields
  4635 | D:5      | Entered Level 5 of the Dungeon
  4635 | D:5      | Found a transporter.
  4708 | D:5      | Found a transporter.
  5142 | D:5      | Found a bloodstained altar of Trog.
  5148 | D:5      | Reached skill level 7 in Stealth
  5343 | D:5      | Found a staircase to the Ecumenical Temple.
  5359 | D:5      | Got a bloodstained short sword
  5363 | D:5      | Identified the cursed +3 short sword of Teetohy {elec, Str+3} (You found it on level 5 of the Dungeon)
  5367 | Temple   | Entered the Ecumenical Temple
  5582 | Temple   | Became a worshipper of Sif Muna the Loreminder
  5858 | D:5      | Reached XP level 8. HP: 35/46 MP: 15/15
  6011 | D:6      | Reached skill level 5 in Conjurations
  6375 | D:6      | Reached skill level 8 in Stealth
  6943 | D:6      | Learned a level 3 spell: Conjure Flame
  7272 | D:6      | Reached skill level 9 in Stealth
  7572 | D:6      | Got a smoking short sword
  7592 | D:7      | Reached * piety under Sif Muna
  7846 | D:7      | Reached XP level 9. HP: 51/51 MP: 16/16
  8131 | D:7      | Found a hazy altar of Hepliaklqana.
  8432 | D:7      | Reached skill level 10 in Stealth
  8694 | D:7      | Identified the +4 short sword of Rythrace {pierce, Str+2 Dex+3} (You found it on level 6 of the Dungeon)
  8737 | D:8      | Noticed a two-headed ogre
  8839 | D:8      | Killed a two-headed ogre
  8899 | D:8      | Noticed a two-headed ogre
  8974 | D:8      | Killed a two-headed ogre
  8974 | D:8      | Reached skill level 11 in Stealth
  8974 | D:8      | Reached skill level 5 in Shields
  9073 | D:8      | Noticed a two-headed ogre
  9102 | D:8      | Killed a two-headed ogre
  9102 | D:8      | Reached XP level 10. HP: 44/63 MP: 14/17
  9216 | D:8      | Found Luupab's Food Shop.
  9496 | D:8      | Found a hide-covered altar of Uskayaw.
  9934 | D:8      | Found a staircase to the Lair.
 10156 | D:8      | Noticed a dagger
 10156 | D:8      | Noticed a hand axe
 10789 | D:9      | Reached skill level 5 in Dodging
 12099 | D:9      | Reached skill level 12 in Stealth
 12783 | D:10     | Entered Level 10 of the Dungeon
 12787 | D:10     | Reached skill level 5 in Fighting
 12864 | D:10     | Noticed a purple ugly thing
 13292 | Lair:1   | Entered Level 1 of the Lair of Beasts
 13318 | Lair:1   | Noticed an oklob plant
 13326 | Lair:1   | Noticed an oklob plant
 13728 | Lair:1   | Reached skill level 1 in Short Blades
 13890 | Lair:1   | Noticed a spiny frog
 13898 | Lair:1   | Killed a spiny frog
 13898 | Lair:1   | Reached XP level 11. HP: 50/72 MP: 18/18
 14508 | Lair:2   | Noticed a seven-headed hydra
 14513 | Lair:2   | Learned a level 2 spell: Blink
 14523 | Lair:2   | Killed a seven-headed hydra
 14535 | Lair:2   | Slain by a basilisk

Skill      XL: |  1  2  3  4  5  6  7  8  9 10 11 |
---------------+----------------------------------+-----
Stealth        | 3 4 5 6 7 9 11 12 | 12.6
Spellcasting   | 4 5 |  5.1
Conjurations   | 2 3 4 6 7 |  7.3
Shields        | 2 4 5 7 |  7.2
Fighting       | 3 5 |  5.7
Dodging        | 4 5 6 |  6.1
Short Blades   | 1 2 |  2.4
Summonings     | |  1.0
Translocations | |  1.0

Action                   |  1- 3 |  4- 6 |  7- 9 | 10-12 || total
-------------------------+-------+-------+-------+-------++-------
Melee: Hand axe          |    49 |    43 |    26 |       ||   118
       Constrict         |     8 |     8 |    22 |    35 ||    73
       Tentacles         |     3 |     7 |    14 |    36 ||    60
       Short sword       |       |       |    80 |   122 ||   202
       Trident           |       |       |    15 |   181 ||   196
 Cast: Magic Dart        |     6 |    47 |   199 |    21 ||   273
       Conjure Flame     |       |       |     7 |     3 ||    10
Evoke: Wand              |       |       |    12 |     2 ||    14
  Use: Scroll            |     2 |     4 |    12 |     7 ||    25
       Potion            |     1 |     2 |     7 |     4 ||    14
 Stab: Sleeping          |     7 |     2 |     3 |    10 ||    22
       Distracted        |       |     2 |       |     2 ||     4
  Eat: Chunk             |     1 |     6 |    11 |    13 ||    31
       Ration            |       |       |     2 |     4 ||     6
Armor: Skin              |     2 |     4 |     4 |     7 ||    17
Dodge: Dodged            |    31 |    23 |    83 |   153 ||   290
Block: Buckler           |       |       |    33 |   113 ||   146
       Reflection        |       |       |       |     5 ||     5
       Shield            |       |       |       |     8 ||     8
